 Dungeon Crawl Stone Soup version 0.25-a0-719-gde951dce62 (webtiles) character file.

Game seed: 4200289218977064338, levelgen mode: deterministic

44 Maedhros the Scratcher (level 3, -2/17 HPs)
             Began as a Felid Chaos Knight on Apr 6, 2020.
             Was a Plaything of Xom.
             Slain by a white imp (4 damage)
             ... summoned by Natasha
             ... on level 2 of the Dungeon.
             The game lasted 00:03:06 (9294 turns).

Maedhros the Scratcher (Felid Chaos Knight)         Turns: 9294, Time: 00:03:07

Health: -2/17      AC:  1    Str:  8 (9)  XL:     3   Next: 41%
Magic:  4/4        EV: 18    Int: 13      God:    Xom [...*..]
Gold:   51         SH:  4    Dex: 15      Spells: 2/2 levels left
                                        Lives:  0   Deaths: 0

rFire    . . .     SeeInvis +     - Unarmed
rCold    . . .     Gourm    .   (shield unavailable)
rNeg     . . .     Faith    .   (armour unavailable)
rPois    .         Spirit   .   (helmet unavailable)
rElec    .         Reflect  .   (cloak unavailable)
rCorr    .         Harm     .   (gloves unavailable)
MR       .....     Clarity  +   (boots unavailable)
Stlth    ++........             (no amulet)
HPRegen  0.05/turn              (no ring)
MPRegen  0.09/turn              (no ring)

@: quick
A: very small, no armour, no weapons or thrown items, stealth, claws 1, fangs 3,
large bone plates 1, see invisible, carnivore, clarity, speed 1, sense
surroundings 1, shaggy fur 1, slow metabolism 1, sharp paws
a: Renounce Religion


You were on level 2 of the Dungeon.
You worshipped Xom.
You were a favourite toy of Xom.
You were not hungry.

You visited 1 branch of the dungeon, and saw 3 of its levels.

You collected 51 gold pieces.

Inventory:

Missiles
 g - 7 boomerangs of dispersal
Scrolls
 b - 2 scrolls of magic mapping {unknown}
 c - a scroll of enchant armour {unknown}
 e - a scroll of blinking {unknown}
 f - a scroll of teleportation {unknown}
Potions
 d - 2 potions of brilliance {unknown}
 h - a potion of flight {unknown}
Comestibles
 a - 2 rations


   Skills:
 - Level 3.0 Fighting
 - Level 3.2 Dodging
 + Level 4.5 Unarmed Combat


You had 2 spell levels left.
You didn't know any spells.
Your spell library was empty.

Dungeon Overview and Level Annotations

Branches:
Dungeon (3/15)

Altars:
Xom

Annotations:
D:2 Natasha


Innate Abilities, Weirdness & Mutations

You cannot wear armour.
You are incapable of wielding weapons or throwing items.
Your paws allow you to move quietly. (Stealth)
You have sharp claws.
You have razor-sharp teeth.
You have supernaturally acute eyesight. (SInv)
You are carnivorous and can eat meat at any time.
You cover ground quickly.
You are covered in fur. (AC +1)
You have a slow metabolism.
Your sharp claws are effective at attacking unaware monsters.
You are partially covered in large bone plates. (SH +4)
You possess an exceptional clarity of mind.
You passively map a small area around you.


Message History

Natasha claws you.
You closely miss Natasha.
Natasha is severely wounded.
The white imp gestures at you. The puff of frost hits you.
The crimson imp hits you.
* * * LOW HITPOINT WARNING * * *
Natasha closely misses you.
Unknown command.
You closely miss Natasha.
Natasha is severely wounded.
The crimson imp barely misses you. Natasha claws you.
* * * LOW HITPOINT WARNING * * *
Unknown command.
Okay, then.
Unknown command.
You barely miss Natasha.
Natasha is severely wounded.
The white imp hits you.
You die...
Xom guffaws!

,.............##
..............# ....
,..............# ....
..............# ).... ,
.......(.....##*##.....
,....#...#...####.......
, ....##.#........... ,
.........†.........
...........@.......
..........55h###### ,
.............#
.............# **
.............# , g
............# ,
.....?.....# , ,
.........## *


You could see Natasha, a crimson imp and a white imp.

Vanquished Creatures
  An adder (D:2)
  An ooze (D:2)
  A worm (D:2)
  A dart slug (D:1)
  2 giant cockroaches
  5 goblins
  2 hobgoblins
  4 bats
  3 frilled lizards (D:1)
  A kobold (D:1)
  5 rats
26 creatures vanquished.

Notes
Turn   | Place    | Note
-------+----------+-------------------------------------------
     0 | D:1      | Maedhros the Felid Chaos Knight began the quest for the
                  | Orb.
     0 | D:1      | Reached XP level 1. HP: 10/10 MP: 2/2
   345 | D:1      | XOM: divination: magic mapping
   514 | D:1      | XOM: silly message
   524 | D:1      | XOM: harmless Chrm miscast
   638 | D:1      | XOM: 2-stop teleportation journey
   658 | D:1      | Reached XP level 2. HP: 5/14 MP: 3/3
  1369 | D:1      | XOM: 1-stop teleportation journey
  1630 | D:1      | XOM: god gift: scroll labeled IXZOZU YSCHAR {god gift}
  1708 | D:1      | XOM: harmless Pois miscast
  1854 | D:1      | XOM is BORED!
  1854 | D:1      | XOM: noise
  2669 | D:1      | XOM is BORED!
  2669 | D:1      | XOM: mild Hex miscast
  3102 | D:1      | XOM: stat loss: -1 Str (7/8)
  3609 | D:1      | XOM: 7-stop teleportation journey
  3701 | D:1      | XOM: stat loss: -1 Dex (14/15)
  4001 | D:1      | XOM: scenery: create altars
  4064 | D:1      | XOM: 1-stop teleportation journey
  4105 | D:1      | XOM: harmless Erth miscast
  4305 | D:1      | XOM: give mutations
  4305 | D:1      | Gained mutation: You passively map a small area around you.
                  | [Xom's grace]
  4305 | D:1      | Gained mutation: You possess an exceptional clarity of
                  | mind. [Xom's grace]
  4305 | D:1      | Gained mutation: You are partially covered in large bone
                  | plates. (SH +4) [Xom's grace]
  5352 | D:1      | XOM is BORED!
  5756 | D:1      | XOM: mild Tmut miscast
  5765 | D:1      | XOM: 2-stop teleportation journey
  5766 | D:1      | You fall into a shaft and drop 1 floor!
  6032 | D:1      | XOM: god gift: 7 boomerangs of dispersal
  6620 | D:1      | XOM: 8-stop teleportation journey
  6995 | D:2      | Reached skill level 4 in Unarmed Combat
  7019 | D:2      | XOM: mild Erth miscast
  7060 | D:2      | XOM: 1-stop teleportation journey
  7222 | D:2      | XOM: give mutation
  7268 | D:2      | Reached XP level 3. HP: 15/17 MP: 4/4
  7304 | D:2      | XOM: divination: detect creatures
  7495 | D:1      | XOM: mild Hex miscast
  7602 | D:1      | XOM: summons 1 hostile shadow creature
  7870 | D:1      | XOM: medium Erth miscast
  7870 | D:1      | XOM: smoke on damage
  8735 | D:1      | XOM: noise
  9277 | D:2      | Noticed Natasha
  9294 | D:2      | Slain by a white imp

Levels and vault maps discovered:
D:1:      minmay_arrival_stone_box, layout_basic
D:2:      minmay_evil_eye, layout_rooms, lemuel_coloured_pillars_altar,
          uniq_natasha
D:3:      layout_loops_ring, chequers_temple_overflow_minitemple, first_ration

Skill      XL: |  1  2 |
---------------+-------+-----
Unarmed Combat | 4 |  4.5
Fighting       | |  3.0
Dodging        | |  3.2

Action                   || total
-------------------------++-------
Melee: Unarmed           ||    97
       Bite              ||     9
  Use: Scroll            ||     1
       Potion            ||     1
 Stab: Distracted        ||     1
       Sleeping          ||     3
  Eat: Chunk             ||    17
       Ration            ||     1
Armor: Skin              ||     3
Dodge: Dodged            ||    79
Block: Other             ||     8

Table legend:
 A = Non-vault XP
 B = Vault XP
 C = Vault XP percentage of total XP
 D = Non-vault monster count
 E = Vault monster count
 F = Vault count percentage of total count
                 A         B        C        D         E       F
            +---------+---------+-------+---------+---------+-------
      Total |      63 |       1 |   1.6 |      25 |       1 |   3.8
            +---------+---------+-------+---------+---------+-------
        D:1 |      24 |       0 |   0.0 |      15 |       0 |   0.0
        D:2 |      39 |       1 |   2.5 |      10 |       1 |   9.1
            +---------+---------+-------+---------+---------+-------
